 Dungeon Crawl Stone Soup version 0.30-a0-782-ge64f9170bb (webtiles) character file.

Game seed: 15490829190425404539

15330929 RepoMan the Petite Mort (level 27, 261/261 HPs)
             Began as a Spriggan Warper on Feb 16, 2023.
             Was the Champion of Cheibriados.
             Escaped with the Orb
             ... and 15 runes on Feb 20, 2023!
             The game lasted 15:30:43 (102538 turns).

RepoMan La Petite Mort (Spriggan Warper)          Turns: 102538, Time: 15:30:43

Health: 261/261    AC: 17    Str: 32    XL:     27
Magic:  56/56      EV: 75    Int: 31    God:    Cheibriados [******]
Gold:   12640      SH:  0    Dex: 45    Spells: 4/72 levels left

rFire   + + +      SeeInvis +    m - +2 Maxwell's thermic engine {flame, freeze}
rCold   . . .      Faith    .    (shield currently unavailable)
rNeg    . . .      Spirit   .    P - +4 troll leather armour
rPois   +          Reflect  .    (helmet restricted)
rElec   +          Harm     .    y - +2 cloak {rPois}
rCorr   +          Rampage  .    (gloves unavailable)
Will    ++++.                    (boots unavailable) Stlth
                                 a - amulet "Gaittad" {+Inv Regen+}
HPRegen 2.23/turn                i - ring of Checkmate {*Corrode rElec rF+++ Str+6 Dex+5}
MPRegen 0.35/turn                l - ring "Junicog" {rCorr AC+4 Str+4 Dex-2}

@: berserking, studying 5 skills, very slow
A: very small, no large weapons, unfitting armour, see invisible, speed 3, fire
resistance 1, high MP 1
0: Orb of Zot
}: 15/15 runes: decaying, slimy, silver, golden, iron, obsidian, icy, bone,
abyssal, demonic, glowing, magical, fiery, dark, gossamer
a: Renounce Religion, Evoke Invisibility, Bend Time, Temporal Distortion,
Slouch, Step From Time


You escaped.
You worshipped Cheibriados.
Cheibriados was exalted by your worship.
You visited 18 branches of the dungeon, and saw 88 of its levels.
You visited Pandemonium 3 times, and saw 30 of its levels.
You visited the Abyss 2 times.
You visited 1 ziggurat, and saw 9 of its levels.
You also visited: Ossuary and Wizlab.

You collected 16436 gold pieces.
You spent 3796 gold pieces at shops.

Inventory:

Hand Weapons
 m - the +2 Maxwell's thermic engine (weapon) {flame, freeze}
   (You found it on level 7 of Cocytus)

   It becomes more effective when it hits something.
   This effect fades over time.
 s - the +7 Spriggan's Knife {stab, EV+4 Stlth+}
   (You found it on level 2 of the Crypt)

   Stab:      It is more effective when stabbing unaware enemies, sometimes
   treating them as though they were completely helpless.
   EV:        It affects your evasion (+4).
   Stlth:     It makes you more stealthy.
 w - a +9 heavy demon blade
Missiles
 e - 2 throwing nets
 E - 6 curare-tipped darts (quivered)
Armour
 y - a +2 cloak of poison resistance (worn)
 F - +5 ice dragon scales
 H - the +3 buckler of Sutufehe {rF+ Str+4 Dex+4}
   (You acquired it in a wizard's laboratory)

   Str:       It affects your strength (+4).
   Dex:       It affects your dexterity (+4).
   rF:        It protects you from fire.
 P - a +4 troll leather armour (worn)
Jewellery
 a - the amulet "Gaittad" (around neck) {+Inv Regen+}
   (You took it off a balrug in Pandemonium)

   [amulet of regeneration]

   +Inv:      It lets you turn invisible.
   Regen:     It increases your rate of health regeneration.
 i - the ring of Checkmate (left hand) {*Corrode rElec rF+++ Str+6 Dex+5}
   (You took it off a deep elf archer on level 1 of the Elven Halls)

   [ring of strength]

   Str:       It affects your strength (+6).
   Dex:       It affects your dexterity (+5).
   rF:        It renders you almost immune to fire.
   rElec:     It insulates you from electricity.
   *Corrode:  It may corrode you when you take damage.
 l - the ring "Junicog" (right hand) {rCorr AC+4 Str+4 Dex-2}
   (You found it on level 1 of the Elven Halls)

   [ring of protection]

   AC:        It affects your AC (+4).
   Str:       It affects your strength (+4).
   Dex:       It affects your dexterity (-2).
   rCorr:     It protects you from acid and corrosion.
 v - a ring of protection from cold
 O - a ring of flight
 S - the ring of the Failed Coup {*Slow Will++ Str+6 Dex+8}
   (You found it on level 4 of a ziggurat)

   [ring of strength]

   Str:       It affects your strength (+6).
   Dex:       It affects your dexterity (+8).
   *Slow:     It may slow you when you take damage.
   Will:      It greatly increases your willpower.
Wands
 b - a wand of flame (110)
 g - a wand of roots (29)
 n - a wand of mindburst (10)
 C - a wand of digging (22)
 T - a wand of charming (65)
Scrolls
 d - a scroll of enchant armour
 h - 8 scrolls of fear
 k - 7 scrolls of silence
 q - a scroll of torment
 x - 18 scrolls of teleportation
 A - 7 scrolls of immolation
 G - 13 scrolls of enchant weapon
 K - 10 scrolls of poison
 R - a scroll of blinking
 V - 6 scrolls of vulnerability
 W - 16 scrolls of fog
 Y - 3 scrolls of magic mapping
Potions
 f - 3 potions of cancellation
 j - 8 potions of resistance
 u - 16 potions of mutation
 D - 12 potions of lignification
 J - 4 potions of invisibility
 L - 17 potions of curing
 M - 14 potions of ambrosia
 N - 4 potions of flight
 Q - 7 potions of heal wounds
 U - 3 potions of berserk rage
Miscellaneous
 c - a phial of floods
 o - a figurine of a ziggurat
 p - a lightning rod (4/4)
 r - a phantom mirror
 t - a condenser vane
 X - a box of beasts
 Z - a tin of tremorstones (2/2)


   Skills:
 O Level 27 Fighting
 - Level 9.9(23.5) Short Blades
 * Level 25.9(26.3) Long Blades
 - Level 1.1 Throwing
 - Level 9.9 Armour
 O Level 27 Dodging
 - Level 21.1 Stealth
 - Level 9.9 Shields
 + Level 23.0 Spellcasting
 - Level 6.6 Hexes
 O Level 27 Necromancy
 - Level 21.1 Translocations
 - Level 16.6 Transmutations
 - Level 3.3 Earth Magic
 - Level 16.6 Invocations
 - Level 16.6 Evocations


You had 4 spell levels left.
You knew the following spells:

 Your Spells              Type           Power      Damage    Failure   Level
a - Manifold Assault      Tloc           100%       N/A       0%          4
b - Blink                 Tloc           100%       N/A       0%          2
g - Apportation           Tloc           100%       N/A       0%          1
i - Infestation           Necr           58%        N/A       1%          8
l - Lesser Beckoning      Tloc           100%       N/A       0%          2
m - Iskenderun's Mystic   Conj/Tloc      79%        2d16      1%          4
n - Necromutation         Tmut/Necr      53%        N/A       1%          8
p - Passwall              Tmut/Erth      64%        N/A       1%          2
t - Gell's Gravitas       Tloc           100%       N/A       0%          3
u - Dispel Undead         Necr           100%       3d31      0%          4
v - Vhi's Electric Charg  Tloc/Air       100%       N/A       1%          3
x - Borgnjor's Vile Clut  Necr/Erth      46%        N/A       1%          5
y - Yara's Violent Unrav  Hex/Tmut       41%        3d16      1%          5
G - Passage of Golubria   Tloc           100%       N/A       0%          4
J - Disjunction           Tloc           52%        N/A       1%          8
X - Irradiate             Conj/Tmut      36%        3d23      1%          5

Your spell library contained the following spells:

 Spells                   Type           Power      Damage    Failure   Level
 Beastly Appendage        Tmut           100%       N/A       0%          1
 Kiss of Death            Conj/Necr      100%       2d13      0%          1
 Necrotise                Necr           100%       1d9       0%          1
 Sublimation of Blood     Necr           100%       N/A       0%          2
 Wereblood                Tmut           95%        N/A       0%          2
 Portal Projectile        Hex/Tloc       100%       N/A       0%          3
 Teleport Other           Tloc           100%       N/A       0%          3
 Vampiric Draining        Necr           100%       2d13      0%          3
 Anguish                  Hex/Necr       48%        N/A       0%          4
 Animate Dead             Necr           100%       N/A       0%          4
 Magic Dart               Conj           100%       1d8       1%          1
 Sandblast                Erth           100%       2d20      1%          1
 Shock                    Conj/Air       100%       1d9       1%          1
 Slow                     Hex            100%       N/A       1%          1
 Sting                    Tmut/Pois      100%       1d8       1%          1
 Summon Small Mammal      Summ           100%       N/A       1%          1
 Call Imp                 Summ           35%        N/A       1%          2
 Cigotuvi's Dreadful Rot  Necr/Pois/Air  100%       N/A       1%          2
 Ensorcelled Hibernation  Hex/Ice        100%       N/A       1%          2
 Momentum Strike          Conj/Tloc      100%       3d10      1%          2
 Poisonous Vapours        Pois/Air       70%        N/A       1%          2
 Scorch                   Fire           70%        2d9       1%          2
 Searing Ray              Conj           70%        2d7       1%          2
 Static Discharge         Conj/Air       70%        2-5/arc   1%          2
 Confusing Touch          Hex            66%        N/A       1%          3
 Dazzling Flash           Conj/Hex       100%       N/A       1%          3
 Ignite Poison            Fire/Tmut/Pois 63%        N/A       1%          3
 Inner Flame              Hex/Fire       54%        N/A       1%          3
 Kindle Blastsparks       Fire/Tloc/Air  100%       2d18      1%          3
 Spider Form              Tmut/Pois      72%        N/A       1%          3
 Stone Arrow              Conj/Erth      90%        3d12      1%          3
 Summon Guardian Golem    Hex/Summ       54%        N/A       1%          3
 Cause Fear               Hex            33%        N/A       1%          4
 Leda's Liquefaction      Hex/Erth       30%        N/A       1%          4
 Petrify                  Tmut/Erth      77%        N/A       1%          4
 Call Canine Familiar     Summ           35%        N/A       2%          3
 Frozen Ramparts          Ice            70%        1d11      2%          3
 Hailstorm                Conj/Ice       35%        3d9       2%          3
 Mephitic Cloud           Conj/Pois/Air  35%        N/A       2%          3
 Ozocubu's Armour         Ice            35%        N/A       2%          3
 Swiftness                Air            35%        N/A       2%          3
 Fulminant Prism          Conj/Hex       27%        3d14      2%          4
 Animate Armour           Summ/Erth      90%        N/A       4%          4
 Airstrike                Air            17%        2d(3-19)  9%          4
 Flame Wave               Conj/Fire      35%        2d10      9%          4
 Olgreb's Toxic Radiance  Pois           35%        N/A       9%          4
 Sticky Flame             Conj/Fire      35%        2d5       9%          4
 Summon Lightning Spire   Summ/Air       35%        N/A       9%          4
 Agony                    Necr           100%       N/A       0%          5
 Death Channel            Necr           58%        N/A       0%          6
 Alistair's Intoxication  Tmut/Pois      48%        N/A       1%          5
 Blade Hands              Tmut           47%        N/A       1%          5
 Summon Forest            Summ/Tloc      39%        N/A       1%          5
 Dispersal                Tloc           52%        N/A       1%          6
 Simulacrum               Ice/Necr       44%        N/A       1%          6
 Dragon Form              Tmut           47%        N/A       1%          7
 Borgnjor's Revivificati  Necr           58%        N/A       1%          8
 Death's Door             Necr           58%        N/A       1%          9
 Statue Form              Tmut/Erth      51%        N/A       2%          6
 Haunt                    Necr/Summ      44%        N/A       3%          7
 Eringya's Noxious Bog    Tmut/Pois      36%        N/A       4%          6
 Lee's Rapid Deconstruct  Erth           27%        3d14*     7%          5
 Metabolic Englaciation   Hex/Ice        27%        N/A       7%          5
 Silence                  Hex/Air        27%        N/A       7%          5
 Summon Mana Viper        Hex/Summ       54%        N/A       7%          5
 Arcjolt                  Conj/Air       17%        1d27      26%         5
 Fireball                 Conj/Fire      17%        3d9       26%         5
 Freezing Cloud           Conj/Ice/Air   17%        6-21      26%         5
 Iskenderun's Battlesphe  Conj           35%        2d9       26%         5
 Lightning Bolt           Conj/Air       17%        1d32      26%         5
 Storm Form               Tmut/Air       36%        N/A       26%         7
 Enfeeble                 Hex            33%        N/A       45%         7
 Iron Shot                Conj/Erth      22%        9d5       58%         6
 Conjure Ball Lightning   Conj/Air       17%        3x3d6     80%         6
 Starburst                Conj/Fire      17%        6d6       80%         6
 Summon Cactus Giant      Summ           17%        N/A       80%         6
 Discord                  Hex            33%        N/A       99%         8
 Monstrous Menagerie      Summ           17%        N/A       100%        7
 Orb of Destruction       Conj           17%        9d7       100%        7
 Ozocubu's Refrigeration  Ice            17%        4d11      100%        7
 Spellforged Servitor     Conj/Summ      17%        N/A       100%        7
 Summon Hydra             Summ           17%        N/A       100%        7
 Ignition                 Fire           17%        3d7       100%        8
 Lehudib's Crystal Spear  Conj/Erth      22%        10d6      100%        8
 Maxwell's Capacitive Co  Air            17%        ∞         100%        8
 Chain Lightning          Conj/Air       17%        3d23      100%        9
 Dragon's Call            Summ           17%        N/A       100%        9
 Shatter                  Erth           27%        3d23*     100%        9


Dungeon Overview and Level Annotations

Branches:
Dungeon (15/15)            Temple (1/1) D:5            Lair (5/5) D:10
  Swamp (4/4) Lair:3       Spider (4/4) Lair:2        Slime (5/5) Lair:4
    Orc (2/2) D:12            Elf (3/3) Orc:2        Vaults (5/5) D:13
  Crypt (3/3) Vaults:3       Tomb (3/3) Crypt:3      Depths (4/4) D:15
   Hell (visited)             Dis (7/7) Hell            Geh (7/7) Hell
    Coc (7/7) Hell            Tar (7/7) Hell            Zot (5/5) Depths:4
Ossuary (visited)          WizLab (visited)

Altars:
Ashenzari
Cheibriados
Dithmenos
Elyvilon
Fedhas
Gozag
Hepliaklqana
Kikubaaqudgha
Makhleb
Nemelex Xobeh
Okawaru
Qazlal
Ru
Sif Muna
Trog
Uskayaw
Vehumet
Wu Jian
Xom
Yredelemnul
Zin
The Shining One
Jiyva

Shops:
D:9 ?   Orc:2 :**([   Elf:1 *   Elf:2 !*:[   Elf:3 *   Vaults:4 !

Portals:
Hell: Depths:1 Depths:2 Depths:3 Depths:4
Abyss: Depths:3 Depths:4
Pandemonium: Depths:2

Annotations:
Geh:7 Asmodeus


Innate Abilities, Weirdness & Mutations

You are very small and have problems with some larger weapons.
You are too small for most types of armour.
You have supernaturally acute eyesight. (SInv)
You cover ground extremely quickly. (Speed+++)
Your flesh is heat resistant. (rF+)
You have an increased reservoir of magic. (+10% MP)


Message History

You climb upwards.
There is a stone staircase leading down here.
A tormentor comes into view.
Casting: Passwall (safe; 1% risk of failure)
Confirm with . or Enter, or press ? or * to list all spells.
Space momentarily warps into an impossible shape!
You hit the tormentor. You burn the tormentor. You freeze the tormentor.
Casting: Manifold Assault (safe; 0% risk of failure)
Confirm with . or Enter, or press ? or * to list all spells.
Space momentarily warps into an impossible shape!
You closely miss the tormentor.
Casting: Manifold Assault (safe; 0% risk of failure)
Confirm with . or Enter, or press ? or * to list all spells.
Space momentarily warps into an impossible shape!
You slice the tormentor!! You freeze the tormentor.
Casting: Manifold Assault (safe; 0% risk of failure)
Confirm with . or Enter, or press ? or * to list all spells.
Space momentarily warps into an impossible shape!
You cut the tormentor into ribbons!!!
You kill the tormentor!
Cheibriados thoroughly appreciates the change of pace.
A soul eater comes into view.
Casting: Manifold Assault (safe; 0% risk of failure)
Confirm with . or Enter, or press ? or * to list all spells.
Aiming: Passwall (safe; 1% risk of failure)
Press: ? - help, Dir - move target A rock wall.
This square is covered in magical glow.
You begin to meditate on the wall.
You continue meditating on the rock. x2
You finish merging with the rock.
There is a stone staircase leading up here.
You climb upwards.
There is a stone staircase leading down here.
There is an open door here.
There is a staircase leading out of the dungeon here.
A red film seems to cover your vision as you go berserk!
Cheibriados forces you to slow down.
You feel mighty!
You feel a strong urge to attack something.
You have escaped!

########.# #....####.#
#....⌠#♣♣# #....†....#
#..♣♣♣# ##...######
#.####### ##.......#
#.+...#.## ###...#.##
###.#.♣.'..# #.......
#...'...##'########...###.
#.#.#####..'..##....#.....
#.#.≈≈≈##@.##....#######.#
#.#..8≈########.....#.....
#.#.≈≈≈# #..#.###.#.###.
#.###### ##.#.###.#.###.
#..### #.#...........
##...##### #.#..###.#####
###..†..####.#..# #.#
#####.##......# #.#
#.......#.# #.#


There were no monsters in sight!

Vanquished Creatures
  Cerebov (Pan)
  the Royal Jelly (Slime:5)
  Dissolution (Slime:1)
  Gloorx Vloq (Pan)
  Lom Lobon (Pan)
  Ereshkigal (Tar:7)
  6 pandemonium lords (Pan)
  4 dread liches
  Dispater (Dis:7)
  Mennas (Pan)
  8 orbs of fire (Zot:5)
  8 ancient liches
  Mara (Depths:3)
  The ghost of iskra the Executioner, a master MiBe of Trog (Zot:5)
  2 juggernauts (Depths:3)
  15 royal mummies
  Sojobo (Vaults:5)
  Boris (Vaults:4)
  Margery (Depths:4)
  17 shard shrikes
  Bai Suzhen (Elf:3)
  Geryon (Hell)
  4 Killer Klowns (Zot:5)
  5 curse toes
  Saint Roka (Vaults:4)
  27 caustic shrikes
  15 golden dragons
  11 profane servitors
  14 bone dragons
  Arachne (Spider:3)
  17 Tzitzimimeh
  11 doom hounds
  8 Brimstone Fiends
  9 hellephants
  A spectral shard shrike (Tar:5)
  4 iron giants
  19 tentacled monstrosities
  An electric golem (Zot:5)
  19 Hell Sentinels
  2 walking earthen tomes (Zot:4)
  15 Ice Fiends
  A shard shrike skeleton (Crypt:2)
  6 quicksilver dragons
  The ghost of DEFE the Executioner, an adept DsWn of Okawaru (Vaults:3)
  28 titans
  A walking divine tome (Depths:3)
  7 liches
  16 searing wretches
  23 Orb Guardians
  14 tainted leviathans
  5 deep elf blademasters
  A walking frostbound tome (Zot:4)
  Grunn (Depths:2)
  A deep elf master archer (Elf:3)
  19 acid blobs
  21 Executioners (Pan)
  3 tentacled starspawn
  13 death cobs
  30 ancient champions
  8 sphinxes
  Agnes (D:15)
  5 draconian monks
  17 storm dragons
  9 tengu reavers
  16 shadow dragons
  A daeva (Pan)
  2 nagarajas (WizLab)
  8 revenants
  An azure jelly (shapeshifter) (Vaults:3)
  26 fire giants
  Donald (Swamp:3)
  7 rockslimes (Slime:5)
  12 azure jellies
  10 emperor scorpions
  7 draconian knights
  10 demonspawn warmongers (Pan)
  28 narguns
  11 quicksilver elementals
  4 iron dragons
  24 vault wardens
  11 deep elf sorcerers
  5 curse skulls
  14 frost giants
  8 ghost moths
  7 shard shrike simulacra
  41 balrugs
  4 spectral caustic shrikes
  3 draconian scorchers
  13 ghouls
  11 demonspawn blood saints
  An angel (Pan)
  5 spectral juggernauts
  18 cacodemons
  3 draconian shifters
  7 draconian annihilators
  2 deep elf elementalists (Elf:3)
  23 reapers
  19 ironbound preservers
  A caustic shrike skeleton (Crypt:3)
  2 spriggan defenders
  A draconian stormcaller (Zot:4)
  6 quicksilver oozes (Slime:5)
  An orc warlord (Vaults:1)
  A broodmother (Spider:3)
  23 war gargoyles
  9 demonspawn corrupters
  43 very ugly things
  9 vampire knights
  23 elemental wellsprings
  12 ironbound thunderhulks
  21 stone giants
  6 green draconians
  A spectral titan (Tar:6)
  17 putrid mouths
  6 demonspawn black suns (Pan)
  6 deep elf demonologists
  7 eleionomae
  4 black draconians
  7 red draconians
  12 wendigos
  10 bennus
  13 white draconians
  9 deep elf annihilators
  6 bunyips
  3 halazid warlocks (Tar:1)
  11 dire elephants
  11 spark wasps
  12 lorocyprocas
  16 deep elf death magi
  30 blizzard demons
  2 yellow draconians
  8 purple draconians
  9 iron golems
  11 eidola
  11 fire dragons
  An ettin (shapeshifter) (Depths:4)
  2 crystal guardians
  12 ettins
  A quicksilver dragon zombie (Abyss:1)
  14 jiangshi
  22 mummy priests
  3 entropy weavers
  An entropy weaver (shapeshifter) (Depths:2)
  24 green deaths
  An acid blob zombie (Crypt:1)
  A shambling mangrove (Zig:6)
  9 spectral spriggans
  10 deep elf high priests
  12 great orbs of eyes
  10 ice dragons
  26 yaktaur captains
  2 peacekeepers
  A spectral quicksilver dragon (Tar:5)
  5 hell beasts (Pan)
  3 jorogumos
  37 vault guards
  A spectral fenstrider witch (Tar:2)
  13 hydras
  9 spriggan air magi
  4 rakshasas
  9 caustic shrike simulacra
  6 salamander tyrants
  3 catoblepae (Lair:5)
  An ice dragon (shapeshifter) (Vaults:5)
  3 radroaches
  4 ghost crabs
  3 stokers
  3 fenstrider witch skeletons
  7 juggernaut simulacra
  16 two-headed ogres
  A catoblepas (shapeshifter) (Vaults:3)
  2 death knights (Crypt:1)
  58 death scarabs
  4 alligators
  9 ironbound frosthearts
  3 spriggan skeletons
  7 deep troll earth magi
  2 merfolk aquamancers (WizLab)
  5 boulder beetles
  12 centaur warriors
  35 dancing weapons
  4 ogre magi
  8 tengu warriors
  9 death yaks
  13 vampire magi
  25 hell hogs
  5 spriggan berserkers
  2 spectral dire elephants
  2 deep troll shamans
  6 spectral nagas
  Sonja (D:13)
  17 deep elf knights
  5 thrashing horrors
  A fire crab (shapeshifter) (Vaults:5)
  12 crystal echidnas
  37 hell knights
  30 sixfirhies
  12 iron trolls
  73 sun demons
  3 sun moths
  A titan skeleton (Tomb:1)
  4 wretched stars
  34 soul eaters
  50 shadow wraiths
  24 skeletal warriors
  3 anaconda zombies
  4 pharaoh ants
  A bunyip zombie (Abyss:1)
  2 death drakes (Zot:4)
  A deep troll (shapeshifter) (Vaults:5)
  A swamp dragon (shapeshifter) (Vaults:2)
  4 flayed ghosts
  4 goliath frogs
  A quicksilver dragon simulacrum (Coc:7)
  11 orb spiders
  5 spectral iron dragons
  8 glowing orange brains
  A naga ritualist (Zig:1)
  4 spectral anacondas
  A storm dragon skeleton (Depths:1)
  7 shadow demons
  2 spriggan simulacra
  18 deep elf archers
  7 swamp dragons
  62 deep trolls
  A bunyip skeleton (Pan)
  25 ironbound convokers
  23 wizards
  4 spriggan druids
  8 orc knights
  3 spectral hydras (Swamp:4)
  3 steelbarb worms (Spider:4)
  11 bog bodies
  11 lindwurms
  2 orange crystal statues
  36 phantasmal warriors
  31 deep elf zephyrmancers
  11 necromancers
  An obsidian statue (Zot:3)
  2 stone giant zombies
  A fire giant zombie (Depths:1)
  2 harpies (Vaults:1)
  44 ugly things
  A frost giant zombie (Depths:1)
  A wolf spider zombie (Crypt:3)
  2 spectral centaurs (Tar:1)
  4 orc sorcerers
  4 spectral ettins
  A salamander (Depths:1)
  8 shining eyes
  An oklob plant (Zot:3)
  25 wolf spiders
  A faun (shapeshifter) (Vaults:4)
  34 deep elf pyromancers
  7 cyclopes
  A manticore (shapeshifter) (WizLab)
  An eleionoma skeleton (Crypt:3)
  A salamander (shapeshifter) (Elf:1)
  A shining eye (shapeshifter) (Vaults:2)
  5 worldbinders
  8 manticores
  4 will-o-the-wisps
  24 moths of wrath
  3 black mambas
  A centaur zombie (Tomb:3)
  16 demonic crawlers
  2 titan simulacra
  A stone giant skeleton (Crypt:2)
  A dire elephant zombie (Tomb:3)
  An eye of devastation (shapeshifter) (Zig:7)
  8 ice statues
  A fire giant skeleton (Vaults:2)
  A guardian serpent (WizLab)
  47 smoke demons
  2 rust devils
  An elf skeleton (Vaults:3)
  A cane toad (shapeshifter) (Vaults:5)
  2 eyes of devastation (Slime:5)
  18 vault sentinels
  8 torpor snails
  5 gargoyles
  2 kobold demonologists
  25 orange demons
  5 unseen horrors
  5 cane toads
  4 swamp worm zombies
  30 hellions
  7 rime drakes
  4 komodo dragons
  A human zombie (Vaults:2)
  2 tengu conjurers
  53 yaktaurs
  2 anaconda simulacra
  14 freezing wraiths
  2 bunyip simulacra (Coc:1)
  8 efreet
  A golden dragon simulacrum (Coc:6)
  42 guardian mummies
  30 tormentors
  2 sea snake zombies (Hell)
  2 human skeletons
  4 ice devils
  A queen bee (shapeshifter) (D:14)
  4 spectral harpies
  A queen bee (Abyss:3)
  A catoblepas skeleton (Crypt:2)
  3 iron giant simulacra
  The ghost of Pascal76 the Poker, an amateur MiBe of Trog (D:5)
  6 polar bears
  A wind drake (shapeshifter) (Vaults:3)
  A silent spectre (Tar:5)
  35 hellwings
  13 trolls
  2 bloated husks
  4 red devils
  10 meliai
  A harpy skeleton (Pan)
  16 wind drakes (Pan)
  Prince Ribbit (D:9)
  12 tyrant leeches
  15 tarantellas
  11 hornets
  A fire dragon zombie (Crypt:1)
  3 hydra zombies (Swamp:4)
  A merfolk zombie (Tomb:1)
  14 blink frogs
  A radroach zombie (Crypt:2)
  2 iron dragon simulacra
  4 raiju
  2 ettin zombies
  37 flying skulls
  A guardian serpent skeleton (Crypt:1)
  A jumping spider (shapeshifter) (D:11)
  4 alligator zombies (Swamp:4)
  110 slime creatures
  5 air elementals
  30 jumping spiders
  20 culicivoras
  A spectral black mamba (Tar:1)
  A yak (shapeshifter) (Vaults:4)
  A spriggan (shapeshifter) (Vaults:2)
  5 dire elephant simulacra
  9 spriggans
  2 wyverns
  11 shadows
  26 ynoxinuls
  10 ushabtiu
  17 wraiths
  7 water elementals
  64 yaks
  An alligator snapping turtle simulacrum (Coc:1)
  2 fire elementals
  2 redbacks (shapeshifter)
  A steam dragon (D:9)
  25 humans
  A basilisk (D:14)
  35 neqoxecs
  36 redbacks
  15 chaos spawn
  3 wargs (Orc:2)
  16 swamp worms
  A naga (Zig:1)
  7 vampire mosquitoes
  Edmund (D:5)
  9 harpy simulacra
  A yaktaur simulacrum (Vaults:3)
  A fire bat skeleton (Crypt:2)
  A hydra simulacrum (Hell)
  3 acid dragons
  5 water moccasins
  3 floating eyes
  2 hell hounds (Zig:4)
  An entropy weaver zombie (Crypt:2)
  33 large abominations
  A merfolk skeleton (Crypt:2)
  A floating eye (shapeshifter) (Vaults:2)
  21 orc warriors
  3 ice beasts
  23 ogres
  An ice dragon simulacrum (Coc:1)
  2 black bears (D:8)
  3 ettin simulacra
  5 wolves (Lair:3)
  4 swamp dragon zombies (Swamp:4)
  A torpor snail zombie (Crypt:3)
  A manticore zombie (Crypt:2)
  2 swamp dragon skeletons
  A tengu (shapeshifter) (Elf:2)
  A boggart (shapeshifter) (D:11)
  7 centaurs
  6 phantoms
  A hog zombie (Crypt:1)
  4 kobold brigands
  10 necrophages
  15 bullfrogs
  A glowing shapeshifter simulacrum (Vaults:2)
  4 earth elementals
  A scorpion (D:7)
  17 small abominations
  A naga simulacrum (Coc:6)
  4 wights (D:7)
  A warg zombie (Crypt:3)
  A spriggan zombie (Crypt:2)
  3 troll zombies (D:12)
  15 killer bees
  13 howler monkeys
  A shapeshifter skeleton (Crypt:3)
  3 electric eels
  A jelly (D:7)
  4 hounds
  An iron imp (D:6)
  A bullfrog skeleton (Crypt:1)
  12 orc priests
  3 gnoll boudas
  31 orc wizards
  A spectral swamp drake (Swamp:4)
  4 lightning spires (Zot:3)
  5 ogre zombies (D:12)
  37 mummies
  6 adders
  18 gnolls
  A river rat (D:5)
  A swamp drake skeleton (Crypt:1)
  4 swamp drake zombies (Swamp:4)
  2 white imps (D:7)
  An ufetubus (D:6)
  2 adder zombies (Ossuary)
  A jelly zombie (Crypt:3)
  An adder skeleton (Crypt:3)
  3 worms
  A dart slug (D:4)
  78 orcs
  5 bats
  4 endoplasms
  6 giant cockroaches
  4 goblins
  4 hobgoblins
  A quokka (D:4)
  11 ball pythons
  A ball python skeleton (Ossuary)
  4 frilled lizards
  3 goblin skeletons (D:12)
  4 goblin zombies (D:12)
  3 hobgoblin skeletons
  2 hobgoblin zombies
  21 kobolds
  3 kobold zombies (Ossuary)
  3 orc skeletons
  15 orc zombies
  6 rats
  6 ball lightnings (Pan)
  A creeping inferno (Geh:5)
  17 fire vortices
  A lurking horror (Abyss:1)
4148 creatures vanquished.

Vanquished Creatures (collateral kills)
  Antaeus (Coc:7)
  A dread lich (Zot:5)
  3 royal mummies
  A Killer Klown (Zot:5)
  A golden dragon (Zot:5)
  A profane servitor (Tar:2)
  3 bone dragons
  5 Tzitzimimeh
  2 Brimstone Fiends (Pan)
  An electric golem (Zot:5)
  A spectral shard shrike (Tar:2)
  4 Orb Guardians (Zot:5)
  4 tainted leviathans (Tar:7)
  3 searing wretches
  2 deep elf master archers (Elf:3)
  2 ancient champions
  4 Executioners (Pan)
  3 sphinxes (Tomb:1)
  A shadow dragon (Zot:1)
  A storm dragon (Zot:5)
  A revenant (Hell)
  A nargun (Coc:2)
  3 demonspawn warmongers (Pan)
  4 fire giants
  A spectral caustic shrike (Tar:2)
  10 balrugs
  A demonspawn corrupter (Pan)
  A cacodemon (Pan)
  2 draconian annihilators
  3 reapers
  3 war gargoyles
  2 demonspawn blood saints (Pan)
  2 vampire knights (Hell)
  22 putrid mouths
  An eleionoma (Swamp:1)
  A purple draconian (Zot:2)
  A red draconian (Zot:5)
  A white draconian (Zot:5)
  3 blizzard demons
  A fire dragon (Zot:1)
  A green death (Pan)
  A deep elf death mage (Elf:2)
  2 iron golems
  3 mummy priests
  2 eidola
  A spriggan zombie (Tomb:1)
  2 ice dragons (Hell)
  A vault guard (Vaults:1)
  A caustic shrike simulacrum (Coc:1)
  The ghost of zamzamzam the Phalangite, a journeyman MfFi of Ashenzari (D:11)
  17 death scarabs
  17 sun demons
  2 soul eaters (Hell)
  5 hell hogs
  A deep elf knight (Elf:1)
  An iron troll (Hell)
  11 shadow wraiths
  A sixfirhy (Pan)
  A shadow demon (Pan)
  A phantasmal warrior (Hell)
  A bunyip skeleton (Pan)
  A deep elf zephyrmancer (Elf:2)
  A deep elf pyromancer (Elf:1)
  2 rust devils (Hell)
  3 demonic crawlers (Pan)
  An ice statue (Hell)
  2 orange demons (Pan)
  A hellion (Geh:7)
  A kobold demonologist (Abyss:1)
  A rime drake (shapeshifter) (D:11)
  3 tormentors
  An efreet (Pan)
  An ice devil (Pan)
  A spectral naga (Tar:2)
  A hydra zombie (Hell)
  6 guardian mummies
  A hydra skeleton (Hell)
  A stone giant simulacrum (Coc:1)
  10 flying skulls (Tomb:2)
  2 jumping spiders (Spider:3)
  A culicivora (Spider:3)
  3 ushabtiu (Tomb:2)
  A ynoxinul (Pan)
  A chaos spawn (Pan)
  A neqoxec (Pan)
  4 large abominations (Pan)
  A hydra simulacrum (Hell)
  A black bear (shapeshifter) (D:11)
  10 mummies
  4 fire vortices
248 creatures vanquished.

Vanquished Creatures (others)
  Mnoleg (Pan)
  A golden dragon (Zot:4)
  2 eldritch tentacles (Pan)
  An elemental wellspring (Coc:6)
  An ettin (Vaults:5)
  A ghost crab (Swamp:4)
  A death scarab (Tomb:3)
  A sixfirhy (Pan)
  2 quicksilver dragon simulacra
  A bog body (Crypt:1)
  A wizard (Pan)
  An ironbound convoker (Vaults:3)
  A deep elf archer (Elf:1)
  A deep elf zephyrmancer (Elf:1)
  A will-o-the-wisp (Swamp:4)
  A torpor snail (Spider:3)
  2 orange demons (Pan)
  An iron giant simulacrum (Coc:7)
  A hellwing (Pan)
  A hornet (Swamp:4)
  3 bloated husks
  A culicivora (Spider:3)
  A centaur simulacrum (Coc:2)
  A spriggan (Swamp:4)
  An orc warrior (Vaults:4)
  4 phantoms (Swamp:4)
  An orc (Vaults:4)
  20 ball lightnings (Pan)
  2 blocks of ice (Pan)
  6 bushes (Elf:2)
  A fire vortex (Hell)
  7 foxfires
  8 fungi
  54 plants
  7 starspawn tentacles
140 creatures vanquished.

Grand Total: 4536 creatures vanquished

Notes
Turn   | Place    | Note
-------+----------+-------------------------------------------
     0 | D:1      | RepoMan the Spriggan Warper began the quest for the Orb.
     0 | D:1      | Reached XP level 1. HP: 10/10 MP: 5/5
   324 | D:1      | Reached skill level 1 in Stealth
   456 | D:1      | Reached XP level 2. HP: 15/15 MP: 6/6
   459 | D:1      | Learned a level 2 spell: Blink
   462 | D:1      | Learned a level 2 spell: Lesser Beckoning
  1117 | D:2      | Found a faded altar of an unknown god.
  1457 | D:3      | Noticed a water moccasin
  1503 | D:3      | Reached XP level 3. HP: 18/18 MP: 6/8
  1522 | D:3      | Found a basalt altar of Yredelemnul.
  1590 | D:3      | Found an ancient bone altar of Kikubaaqudgha.
  1643 | D:3      | Identified the +3 leather armour of Ezannip {rElec rN+
                  | Str+2 Dex+3}
  1770 | D:3      | Found a blossoming altar of Fedhas.
  2286 | D:4      | Reached XP level 4. HP: 21/23 MP: 9/9
  2311 | D:4      | Found a sand-covered staircase.
  2325 | Ossuary  | Entered an ossuary
  2454 | Ossuary  | Noticed a flying skull
  2454 | Ossuary  | Noticed a wraith
  2462 | Ossuary  | Noticed a flying skull
  2464 | Ossuary  | Noticed a flying skull
  2470 | Ossuary  | Noticed a wraith
  2571 | Ossuary  | Noticed a wraith
  2769 | D:4      | Noticed an ogre
  2789 | D:4      | Killed an ogre
  2790 | D:4      | Reached XP level 5. HP: 27/27 MP: 10/10
  2947 | D:4      | Noticed a phantom
  3196 | D:4      | Killed a phantom
  3197 | D:4      | Reached skill level 5 in Short Blades
  3197 | D:4      | Reached XP level 6. HP: 32/32 MP: 11/11
  3449 | D:4      | Reached skill level 5 in Dodging
  3496 | D:5      | Entered Level 5 of the Dungeon
  3501 | D:5      | Found a shimmering altar of Xom.
  3529 | D:5      | Noticed Edmund
  3559 | D:5      | Killed Edmund
  3862 | D:5      | Reached XP level 7. HP: 36/36 MP: 12/12
  4181 | D:5      | Found a staircase to the Ecumenical Temple.
  4186 | Temple   | Entered the Ecumenical Temple
  4231 | D:5      | Identified the +1 helmet of the Guava {-Cast Rampage rElec
                  | Will+++}
  4924 | D:5      | Found a runed translucent door.
  4926 | D:5      | Noticed Pascal76's ghost (amateur MiBe)
  4952 | D:5      | Found a runed translucent door.
  5149 | D:5      | Found a white marble altar of Elyvilon.
  5229 | D:5      | Reached XP level 8. HP: 40/40 MP: 13/13
  6446 | D:6      | Found an ornate altar of the Wu Jian Council.
  6466 | D:6      | Found a glowing golden altar of the Shining One.
  6486 | D:6      | Found a snail-covered altar of Cheibriados.
  7331 | D:6      | Became a worshipper of Cheibriados the Contemplative
  7639 | D:7      | Reached skill level 5 in Translocations
  7677 | D:7      | Reached skill level 1 in Long Blades
  7677 | D:7      | Found a sacrificial altar of Ru.
  7837 | D:7      | Reached XP level 9. HP: 12/44 MP: 10/14
  7962 | D:6      | Learned a level 4 spell: Manifold Assault
  7966 | D:6      | Learned a level 3 spell: Vhi's Electric Charge
  8671 | D:7      | Found a shimmering blue altar of Sif Muna.
  8740 | D:7      | Found a sparkling altar of Nemelex Xobeh.
  8977 | D:8      | Found a runed translucent door.
  9136 | D:8      | Found a burning altar of Makhleb.
  9136 | D:8      | Noticed a sixfirhy
  9190 | D:8      | Found an opulent altar of Gozag.
  9246 | D:8      | Reached skill level 5 in Stealth
  9317 | D:8      | Reached skill level 1 in Evocations
  9729 | D:8      | Noticed a two-headed ogre
  9746 | D:8      | Killed a two-headed ogre
 10146 | D:9      | Found Ynisaz's Magic Scroll Shop.
 10154 | D:9      | Bought a scroll of identify for 30 gold pieces
 10154 | D:9      | Bought a scroll of vulnerability for 60 gold pieces
 10154 | D:9      | Bought a scroll of teleportation for 45 gold pieces
 10154 | D:9      | Bought a scroll of teleportation for 45 gold pieces
 10154 | D:9      | Bought a scroll of identify for 30 gold pieces
 10154 | D:9      | Bought a scroll of identify for 30 gold pieces
 10154 | D:9      | Bought a scroll of summoning for 142 gold pieces
 10185 | D:9      | Reached XP level 10. HP: 49/49 MP: 16/16
 10354 | D:9      | Reached skill level 10 in Translocations
 10722 | D:9      | Found a shadowy altar of Dithmenos.
 10734 | D:9      | Learned a level 3 spell: Confusing Touch
 10792 | D:9      | Reached * piety under Cheibriados
 10793 | D:9      | Reached skill level 1 in Hexes
 11051 | D:9      | Noticed Prince Ribbit
 11077 | D:9      | Killed Prince Ribbit
 11521 | D:10     | Entered Level 10 of the Dungeon
 11541 | D:10     | Identified a scroll of acquirement
 11555 | D:9      | Acquired a +2 quick blade of electrocution
 11595 | D:10     | Found a staircase to the Lair.
 12072 | D:10     | Reached skill level 5 in Spellcasting
 12300 | D:10     | Found a hazy altar of Hepliaklqana.
 12790 | D:10     | Reached XP level 11. HP: 54/54 MP: 3/20
 12815 | D:10     | Reached skill level 10 in Dodging
 12825 | D:10     | Reached skill level 1 in Invocations
 13167 | Lair:1   | Entered Level 1 of the Lair of Beasts
 13617 | Lair:1   | Found a basalt altar of Yredelemnul.
 13967 | Lair:1   | Learned a level 2 spell: Passwall
 14451 | Lair:2   | Found a hole to the Spider Nest.
 14652 | Lair:2   | Reached skill level 5 in Fighting
 14652 | Lair:2   | Reached skill level 5 in Long Blades
 14746 | Lair:2   | Reached skill level 5 in Evocations
 14803 | Lair:2   | Reached ** piety under Cheibriados
 15589 | Lair:3   | Found a staircase to the Swamp.
 15681 | Lair:3   | Identified the +5 flail "Kodud" {flame, Dex+2 Stlth+}
 15811 | Lair:3   | Reached XP level 12. HP: 47/62 MP: 14/22
 16045 | Lair:3   | Reached *** piety under Cheibriados
 16463 | Lair:4   | Identified the +5 spear of the Supporting Oracle {flame,
                  | rC+ rCorr}
 16586 | Lair:4   | Noticed a five-headed hydra
 16595 | Lair:4   | Killed a one-headed hydra
 16649 | Lair:4   | Found a viscous altar of Jiyva.
 16651 | Lair:4   | Found a staircase to the Slime Pits.
 17221 | Lair:5   | Entered Level 5 of the Lair of Beasts
 17372 | Lair:5   | Reached **** piety under Cheibriados
 17444 | Lair:5   | Noticed a seven-headed hydra
 17461 | Lair:5   | Killed a one-headed hydra
 17501 | Lair:5   | Noticed a boulder beetle
 17512 | Lair:5   | Killed a boulder beetle
 17924 | Lair:5   | Noticed a catoblepas
 17954 | Lair:5   | Killed a catoblepas
 18115 | Lair:5   | Noticed a death yak
 18132 | Lair:5   | Reached XP level 13. HP: 69/69 MP: 21/23
 18316 | Lair:5   | Reached skill level 5 in Invocations
 18459 | Lair:5   | Identified the ring "Ohaoll" {*Slow Str+5 SInv}
 18564 | Lair:5   | Reached ***** piety under Cheibriados
 19521 | D:11     | Found a runed translucent gate.
 19521 | D:11     | Found a runed translucent gate.
 19522 | D:11     | Found a runed translucent gate.
 19698 | D:12     | Upgraded the game from 0.30-a0-778-g2ef04afb54 to
                  | 0.30-a0-779-g7971cf19c3
 20084 | D:12     | Found a staircase to the Orcish Mines.
 20505 | Orc:1    | Entered Level 1 of the Orcish Mines
 20803 | Orc:1    | Reached skill level 10 in Fighting
 20925 | Orc:1    | Reached ****** piety under Cheibriados
 20935 | Orc:1    | Reached XP level 14. HP: 75/77 MP: 15/24
 21360 | Orc:2    | Entered Level 2 of the Orcish Mines
 21360 | Orc:2    | Found a staircase to the Elven Halls.
 21582 | Orc:2    | Found Daihadul's Antique Armour Shoppe.
 22310 | Orc:2    | Found Jenwicim's General Store.
 22311 | Orc:2    | Found Dan Pehi's Book Shop.
 22391 | Orc:2    | Found Xigic Egiet's Weapon Shoppe.
 22402 | Orc:2    | Found Simuusol's Assorted Antiques.
 22413 | Orc:2    | Bought a scroll of enchant weapon for 180 gold pieces
 22413 | Orc:2    | Bought a scroll of identify for 48 gold pieces
 22413 | Orc:2    | Bought a potion of curing for 72 gold pieces
 22413 | Orc:2    | Bought a potion of curing for 72 gold pieces
 22427 | Orc:2    | Bought a potion of brilliance for 56 gold pieces
 22427 | Orc:2    | Bought a potion of mutation for 112 gold pieces
 22427 | Orc:2    | Bought 3 scrolls of fog for 168 gold pieces
 22427 | Orc:2    | Bought a scroll of immolation for 56 gold pieces
 22679 | D:13     | Identified the +8 mace "Ereew" {elec, rElec rF- Will+}
 22679 | D:13     | Noticed Sonja
 22682 | D:13     | Killed Sonja
 22892 | D:13     | Learned a level 1 spell: Apportation
 22960 | D:13     | Found a broken altar of Ashenzari.
 23386 | D:13     | Reached skill level 15 in Dodging
 23386 | D:13     | Reached XP level 15. HP: 83/83 MP: 25/25
 23401 | D:13     | Found a gate to the Vaults.
 23628 | D:14     | Reached skill level 10 in Invocations
 24509 | D:15     | Entered Level 15 of the Dungeon
 24771 | D:15     | Noticed Agnes
 24789 | D:15     | Killed Agnes
 25356 | D:15     | Found a staircase to the Depths.
 25379 | D:15     | Learned a level 4 spell: Dispel Undead
 25798 | D:5      | Killed Pascal76's ghost
 26110 | D:11     | Found a runed translucent gate.
 26110 | D:11     | Found a runed translucent gate.
 26115 | D:11     | Found a runed translucent gate.
 26115 | D:11     | Noticed zamzamzam's ghost (journeyman MfFi)
 26130 | D:11     | Gained mutation: You occasionally lose the ability to drink
                  | potions when taking damage. [a neqoxec]
 26142 | D:11     | Killed zamzamzam's ghost
 26213 | D:11     | Lost mutation: You occasionally lose the ability to drink
                  | potions when taking damage. [potion of mutation]
 26213 | D:11     | Gained mutation: Your skin changes colour to match your
                  | surroundings (Stealth+). [potion of mutation]
 26213 | D:11     | Gained mutation: You expend magic power (3 MP) to
                  | strengthen your wands. [potion of mutation]
 26328 | Swamp:1  | Entered Level 1 of the Swamp
 27072 | Swamp:2  | Noticed a tentacled monstrosity
 27086 | Swamp:2  | Killed a tentacled monstrosity
 27784 | Swamp:2  | Reached XP level 16. HP: 90/90 MP: 22/26
 28087 | Swamp:3  | Noticed Donald
 28145 | Swamp:3  | HP: 3/90 [Donald/+1 demon trident of flaming (18)]
 28232 | Swamp:3  | Killed Donald
 28458 | Swamp:4  | Entered Level 4 of the Swamp
 28570 | Swamp:4  | Reached skill level 10 in Long Blades
 29279 | Swamp:4  | Identified the +0 sling of Zipiewno {antimagic, rPois Str+4
                  | Dex+4}
 29480 | Swamp:4  | Learned a level 4 spell: Passage of Golubria
 29782 | Swamp:4  | Noticed a bone dragon
 29794 | Swamp:4  | Got a decaying rune of Zot
 29812 | Swamp:4  | Killed a bone dragon
 30174 | Elf:1    | Entered Level 1 of the Elven Halls
 30656 | Elf:1    | Reached skill level 1 in Shields
 31083 | Elf:1    | Found a transporter.
 31146 | Elf:1    | Reached skill level 10 in Evocations
 31291 | Elf:1    | Identified the +6 halberd "Vuem" {heavy, rPois rF+ Stlth+}
 31291 | Elf:1    | Identified the ring of Checkmate {*Corrode rElec rF+++
                  | Str+6 Dex+5}
 31303 | Elf:1    | Found a transporter.
 31546 | Elf:1    | Paralysed by an air elemental for 1 turns
 31596 | Elf:1    | Found Bypsip's CLEARANCE SALE!.
 31612 | Elf:1    | Bought 2 potions of curing for 30 gold pieces
 31612 | Elf:1    | Bought a potion of curing for 15 gold pieces
 31784 | Elf:1    | Got Bopiunk's Omnibus of Fulmination
 31988 | Elf:2    | Reached XP level 17. HP: 89/95 MP: 10/27
 32207 | Elf:2    | Found a huge runed translucent gate.
 32207 | Elf:2    | Found a huge runed translucent gate.
 32207 | Elf:2    | Found a huge runed translucent gate.
 32207 | Elf:2    | Found a huge runed translucent gate.
 32209 | Elf:2    | Found a huge runed translucent gate.
 32601 | Elf:2    | Paralysed by an air elemental for 1 turns
 33140 | Elf:2    | Found Xyopsant's Assorted Antiques.
 33140 | Elf:2    | Found Telihauf's Distillery.
 33146 | Elf:2    | Found Pugus's Armour Boutique.
 33324 | Elf:2    | Found Uwuonof's Book Boutique.
 33338 | Elf:2    | Bought a potion of might for 52 gold pieces
 33338 | Elf:2    | Bought a potion of mutation for 104 gold pieces
 33338 | Elf:2    | Bought a potion of heal wounds for 65 gold pieces
 33338 | Elf:2    | Bought a potion of brilliance for 52 gold pieces
 33338 | Elf:2    | Bought a potion of cancellation for 104 gold pieces
 33338 | Elf:2    | Bought a potion of magic for 104 gold pieces
 33338 | Elf:2    | Bought a potion of heal wounds for 65 gold pieces
 33338 | Elf:2    | Bought a potion of heal wounds for 65 gold pieces
 33338 | Elf:2    | Bought a potion of might for 52 gold pieces
 33342 | Elf:2    | Bought a scroll of fear for 112 gold pieces
 33342 | Elf:2    | Bought a scroll of teleportation for 84 gold pieces
 33342 | Elf:2    | Bought a scroll of immolation for 112 gold pieces
 33342 | Elf:2    | Bought a scroll of blinking for 210 gold pieces
 33342 | Elf:2    | Bought a scroll of fog for 112 gold pieces
 33500 | Elf:2    | Reached skill level 1 in Transmutations
 33633 | Elf:3    | Entered Level 3 of the Elven Halls
 33723 | Elf:3    | Found Muytatab's General Store.
 33820 | Elf:3    | Noticed Bai Suzhen
 33861 | Elf:3    | Killed Bai Suzhen
 34808 | Vaults:1 | Entered Level 1 of the Vaults
 35554 | Vaults:1 | Reached skill level 5 in Shields
 36364 | Vaults:1 | Reached XP level 18. HP: 91/102 MP: 31/31
 36929 | Elf:3    | Bought a +1 cloak of poison resistance for 256 gold pieces
 37182 | Spider:1 | Entered Level 1 of the Spider Nest
 37202 | Spider:1 | Upgraded the game from 0.30-a0-779-g7971cf19c3 to
                  | 0.30-a0-782-ge64f9170bb
 38518 | Spider:2 | Identified the +7 great sword "Sikke" {drain, rN+ Will-
                  | Str+3 Dex+6}
 39380 | Spider:3 | Noticed Arachne
 39874 | Spider:3 | Killed Arachne
 40235 | Spider:3 | Identified the +5 short sword of Nitomuod {speed, Drain rC+
                  | SInv Stlth+}
 40465 | Spider:4 | Entered Level 4 of the Spider Nest
 41272 | Spider:4 | Reached skill level 1 in Necromancy
 41663 | Spider:4 | Reached XP level 19. HP: 107/107 MP: 5/33
 42270 | Spider:4 | Reached skill level 15 in Fighting
 42545 | Spider:4 | Got a gossamer rune of Zot
 43278 | Elf:3    | Identified the +6 trident of the Supporting Tiger {protect,
                  | *Slow Dex+4}
 43364 | Elf:3    | Identified the +6 leather armour of the Hills {Str+2 Int+3}
 43400 | Elf:3    | Reached skill level 15 in Translocations
 43538 | Elf:3    | HP: 5/108 [deep elf master archer/arrow (37)]
 43679 | Elf:3    | Identified the +6 scale mail "Rulymew" {Drain Will+ Dex+7
                  | Stlth-}
 43855 | Elf:3    | Identified the +6 shortbow "Qadatro" {drain, +Blink rN+
                  | Str+3 Int-5}
 45798 | Vaults:2 | Reached skill level 5 in Necromancy
 45841 | Vaults:2 | Reached skill level 1 in Armour
 45932 | Vaults:2 | Reached XP level 20. HP: 85/114 MP: 26/34
 46113 | Vaults:2 | Found a magical portal.
 46122 | WizLab   | Entered Alistair's Party Mansion
 46786 | WizLab   | Noticed a golden dragon
 46786 | WizLab   | Noticed a golden dragon
 46838 | WizLab   | Got Sif Muna's Secrets of the Cockroach
 46848 | WizLab   | Acquired the +3 buckler of Sutufehe {rF+ Str+4 Dex+4}
 49419 | Vaults:3 | Found a transporter.
 49419 | Vaults:3 | Noticed DEFE's ghost (adept DsWn)
 49438 | Vaults:3 | Found a transporter.
 50132 | Vaults:3 | Reached XP level 21. HP: 120/120 MP: 24/35
 50877 | Vaults:3 | Got the Anthology of Helpful Transportation
 50883 | Vaults:3 | Learned a level 4 spell: Iskenderun's Mystic Blast
 51085 | Vaults:3 | Found a staircase to the Crypt.
 51664 | Vaults:4 | Reached skill level 10 in Spellcasting
 52812 | Vaults:4 | Noticed Boris
 52818 | Vaults:4 | Killed Boris
 52940 | Vaults:4 | Found Vuvecal's Distillery.
 52950 | Vaults:4 | Bought 2 potions of mutation for 352 gold pieces
 52950 | Vaults:4 | Bought a potion of ambrosia for 176 gold pieces
 52950 | Vaults:4 | Bought a potion of curing for 66 gold pieces
 52950 | Vaults:4 | Bought a potion of heal wounds for 110 gold pieces
 52950 | Vaults:4 | Bought 2 potions of brilliance for 176 gold pieces
 52950 | Vaults:4 | Bought a potion of magic for 176 gold pieces
 53603 | Vaults:4 | Noticed Saint Roka
 53616 | Vaults:4 | Killed Saint Roka
 54083 | Crypt:1  | Entered Level 1 of the Crypt
 54125 | Crypt:1  | Reached skill level 15 in Long Blades
 54438 | Crypt:1  | Reached XP level 22. HP: 127/127 MP: 21/38
 55436 | Crypt:2  | Found the +7 Spriggan's Knife {stab, EV+4 Stlth+}
 56044 | Crypt:3  | Entered Level 3 of the Crypt
 56217 | Crypt:3  | Identified the +1 pair of gloves of Epseh {Fly rCorr Str+3}
 56470 | Crypt:3  | Found a staircase to the Tomb.
 57238 | Crypt:3  | Found a basalt altar of Yredelemnul.
 57752 | Crypt:3  | Got the Elucidation of the Undead
 57823 | Crypt:3  | Identified the +9 arbalest of Isoomm {elec, +Blink}
 57861 | Crypt:3  | Learned a level 5 spell: Borgnjor's Vile Clutch
 58318 | Elf:1    | Identified the ring "Junicog" {rCorr AC+4 Str+4 Dex-2}
 58468 | Depths:1 | Entered Level 1 of the Depths
 58476 | Depths:1 | Reached skill level 1 in Earth Magic
 58622 | Depths:1 | Identified the +1 robe "Umnoemeh" {rPois rF- Int+4
                  | Archmagi}
 58654 | Depths:1 | Reached XP level 23. HP: 133/133 MP: 24/39
 58707 | Depths:1 | Reached skill level 15 in Invocations
 58880 | Depths:1 | Found a white marble altar of Elyvilon.
 58882 | Depths:1 | Got the Writings on Quantum Anemomancy
 59529 | Depths:1 | Identified the +9 dagger of Grandeur {drain, rN+ Dex+3
                  | SInv}
 59647 | Depths:1 | Found a one-way gateway to a ziggurat.
 59656 | Depths:1 | Acquired 1021 gold pieces
 59890 | Depths:1 | Found a gateway to Hell.
 60451 | Depths:1 | Reached skill level 10 in Necromancy
 61121 | Depths:2 | Noticed Grunn
 61128 | Depths:2 | Killed Grunn
 61337 | Depths:2 | Found a shadowy altar of Dithmenos.
 61337 | Depths:2 | Found a shimmering altar of Xom.
 61345 | Depths:2 | Found a glowing golden altar of the Shining One.
 61345 | Depths:2 | Found an iron altar of Okawaru.
 61345 | Depths:2 | Found a one-way gate leading to the halls of Pandemonium.
 62146 | Depths:3 | Noticed a caustic shrike
 62148 | Depths:3 | Noticed a caustic shrike
 62149 | Depths:3 | Noticed a caustic shrike
 62149 | Depths:3 | Noticed a caustic shrike
 62149 | Depths:3 | Noticed a caustic shrike
 62158 | Depths:3 | Killed a caustic shrike
 62159 | Depths:3 | Killed a caustic shrike
 62160 | Depths:3 | Killed a caustic shrike
 62160 | Depths:3 | Killed a caustic shrike
 62162 | Depths:3 | Killed a caustic shrike
 62440 | Depths:3 | Noticed a juggernaut
 62450 | Depths:3 | Killed a juggernaut
 62451 | Depths:3 | Reached XP level 24. HP: 139/140 MP: 11/39
 62707 | Depths:3 | Noticed a juggernaut
 62719 | Depths:3 | Killed a juggernaut
 62893 | Depths:3 | Identified the +6 mace of Armageddon {heavy, Dex+5}
 63313 | Depths:3 | Noticed Mara
 63318 | Depths:3 | Noticed RepoMan's illusion
 63322 | Depths:3 | Killed Mara
 63415 | Depths:3 | Found a one-way gate to the infinite horrors of the Abyss.
 63512 | Depths:4 | Entered Level 4 of the Depths
 63757 | Depths:4 | Noticed Margery
 63764 | Depths:4 | Killed Margery
 64542 | Depths:4 | Reached skill level 15 in Necromancy
 64564 | Depths:4 | Learned a level 3 spell: Vampiric Draining
 64565 | Depths:4 | Found a gate to the Realm of Zot.
 65012 | Slime:1  | Entered Level 1 of the Pits of Slime
 65023 | Slime:2  | Noticed Dissolution
 65086 | Slime:1  | Killed Dissolution
 65237 | Slime:4  | Gained mutation: You occasionally lose the ability to drink
                  | potions when taking damage. [a shining eye]
 65243 | Slime:3  | Gained mutation: You are dopey. (Int -2) [a shining eye]
 65428 | Slime:4  | Gained mutation: Your body sometimes deteriorates upon
                  | taking damage. [a shining eye]
 65431 | Slime:4  | Reached XP level 25. HP: 148/148 MP: 8/39
 65578 | Slime:5  | Entered Level 5 of the Pits of Slime
 65580 | Slime:5  | Gained mutation: Your body often deteriorates upon taking
                  | damage. [a shining eye]
 65732 | Slime:5  | Gained mutation: Armour fits poorly on your strangely
                  | shaped body. [a shining eye]
 65937 | Slime:5  | Lost mutation: Your body often deteriorates upon taking
                  | damage. [potion of mutation]
 65937 | Slime:5  | Lost mutation: You are dopey. (Int -2) [potion of mutation]
 65937 | Slime:5  | Gained mutation: You are weak. (Str -2) [potion of
                  | mutation]
 65937 | Slime:5  | Gained mutation: You have large cloven feet. [potion of
                  | mutation]
 65938 | Slime:5  | Lost mutation: You expend magic power (3 MP) to strengthen
                  | your wands. [potion of mutation]
 65938 | Slime:5  | Lost mutation: You are weak. (Str -2) [potion of mutation]
 65938 | Slime:5  | Gained mutation: You occasionally lose the ability to read
                  | scrolls when taking damage. [potion of mutation]
 65939 | Slime:5  | Noticed the Royal Jelly
 65941 | Slime:4  | Lost mutation: You have large cloven feet. [potion of
                  | mutation]
 65941 | Slime:4  | Lost mutation: You occasionally lose the ability to read
                  | scrolls when taking damage. [potion of mutation]
 65941 | Slime:4  | Lost mutation: You occasionally lose the ability to drink
                  | potions when taking damage. [potion of mutation]
 65941 | Slime:4  | Gained mutation: You have a pair of small antennae on your
                  | head. [potion of mutation]
 65941 | Slime:4  | Gained mutation: You are dopey. (Int -2) [potion of
                  | mutation]
 65960 | Slime:5  | Killed the Royal Jelly
 66220 | Slime:5  | Got a slimy rune of Zot
 66245 | Slime:5  | Identified the +5 rapier of Discord {protect, rF+ rCorr}
 66282 | Slime:5  | Identified the ring of Moral Flaws {Fire Str+2 Int+3}
 66309 | Slime:5  | Identified the ring "Loapazan" {rPois SInv}
 66787 | Vaults:3 | Killed DEFE's ghost
 67018 | Vaults:5 | Entered Level 5 of the Vaults
 67031 | Vaults:5 | Noticed Sojobo
 67038 | Vaults:5 | Killed Sojobo
 67067 | Vaults:5 | Noticed an ancient lich
 67079 | Vaults:5 | Killed an ancient lich
 67582 | Vaults:5 | Identified the ring of Freedom {Ice MP+9}
 67693 | Vaults:5 | Identified the ring of Luweorr {rElec rC+ rN+ rCorr Str+6}
 67794 | Vaults:5 | Got a silver rune of Zot
 67860 | Vaults:5 | Noticed a dread lich
 67869 | Vaults:5 | Killed a dread lich
 67875 | Vaults:5 | Identified the ring of the Devil's Team {Contam rN+ MP+9
                  | Str+2}
 67879 | Vaults:5 | Identified the +1 leather armour of the Scuffed God {Harm
                  | rElec rF+ rC+}
 67933 | Vaults:5 | Reached XP level 26. HP: 136/155 MP: 26/41
 68078 | Vaults:5 | Noticed a dread lich
 68082 | Vaults:5 | Killed a dread lich
 68109 | Vaults:5 | Got The Mystical Memoir of the Warlock
 68136 | Vaults:5 | Identified the +2 plate armour of Dishonour {Drain rF-
                  | Str+6 Int+3}
 68703 | Vaults:5 | Identified the +7 arbalest "Biawn" {elec, Will+}
 68913 | Vaults:5 | Learned a level 8 spell: Infestation
 68919 | Vaults:5 | Learned a level 5 spell: Yara's Violent Unravelling
 69502 | Zig:1    | Entered Level 1 of a ziggurat
 69543 | Zig:2    | Entered Level 2 of a ziggurat
 69572 | Zig:3    | Entered Level 3 of a ziggurat
 69572 | Zig:3    | Noticed a royal mummy
 69572 | Zig:3    | Noticed a royal mummy
 69579 | Zig:3    | Killed a royal mummy
 69580 | Zig:3    | Killed a royal mummy
 69664 | Zig:4    | Entered Level 4 of a ziggurat
 69683 | Zig:4    | Identified the ring of the Failed Coup {*Slow Will++ Str+6
                  | Dex+8}
 69733 | Zig:5    | Entered Level 5 of a ziggurat
 69819 | Zig:6    | Entered Level 6 of a ziggurat
 69831 | Zig:6    | Reached skill level 5 in Transmutations
 69919 | Zig:7    | Entered Level 7 of a ziggurat
 69923 | Zig:7    | Noticed an ancient lich
 69924 | Zig:7    | Noticed an ancient lich
 69929 | Zig:7    | Killed an ancient lich
 69930 | Zig:7    | Killed an ancient lich
 69931 | Zig:7    | Reached skill level 5 in Hexes
 70000 | Zig:8    | Entered Level 8 of a ziggurat
 70012 | Zig:8    | Reached XP level 27. HP: 161/161 MP: 41/41
 70014 | Zig:8    | Noticed an ancient lich
 70016 | Zig:8    | Killed an ancient lich
 70101 | Zig:9    | Entered Level 9 of a ziggurat
 70156 | Depths:1 | Acquired a Necronomicon
 70214 | Pan      | Entered Pandemonium
 70232 | Pan      | Found a runed translucent door.
 70242 | Pan      | Gained mutation: Your body often deteriorates upon taking
                  | damage. [a cacodemon]
 70249 | Pan      | Found a runed translucent door.
 70293 | Pan      | Found a runed translucent door.
 70750 | Pan      | Entered the realm of Lom Lobon.
 70973 | Pan      | Reached skill level 10 in Transmutations
 71025 | Pan      | Found an exit through the horrors of the Abyss.
 71882 | Pan      | Learned a level 8 spell: Necromutation
 72071 | Pan      | Noticed Lom Lobon
 72576 | Pan      | Got a magical rune of Zot
 72601 | Pan      | Reached skill level 15 in Transmutations
 72658 | Pan      | Lost mutation: Your skin changes colour to match your
                  | surroundings (Stealth+). [potion of mutation]
 72658 | Pan      | Lost mutation: You have a pair of small antennae on your
                  | head. [potion of mutation]
 72658 | Pan      | Gained mutation: You occasionally shout uncontrollably at
                  | your foes. [potion of mutation]
 72659 | Pan      | Lost mutation: You are dopey. (Int -2) [potion of mutation]
 72659 | Pan      | Lost mutation: You occasionally shout uncontrollably at
                  | your foes. [potion of mutation]
 72659 | Pan      | Lost mutation: Your body often deteriorates upon taking
                  | damage. [potion of mutation]
 72659 | Pan      | Gained mutation: Your body often deteriorates upon taking
                  | damage. [potion of mutation]
 72659 | Pan      | Gained mutation: Your spells are a little harder to cast,
                  | but a little more powerful. [potion of mutation]
 72660 | Pan      | Lost mutation: Armour fits poorly on your strangely shaped
                  | body. [potion of mutation]
 72660 | Pan      | Lost mutation: Your body often deteriorates upon taking
                  | damage. [potion of mutation]
 72660 | Pan      | Lost mutation: Your spells are a little harder to cast, but
                  | a little more powerful. [potion of mutation]
 72660 | Pan      | Gained mutation: Your spells are a little harder to cast,
                  | but a little more powerful. [potion of mutation]
 72660 | Pan      | Gained mutation: You occasionally lose the ability to drink
                  | potions when taking damage. [potion of mutation]
 72661 | Pan      | Lost mutation: Your spells are a little harder to cast, but
                  | a little more powerful. [potion of mutation]
 72661 | Pan      | Lost mutation: You occasionally lose the ability to drink
                  | potions when taking damage. [potion of mutation]
 72661 | Pan      | Lost mutation: Your body sometimes deteriorates upon taking
                  | damage. [potion of mutation]
 72661 | Pan      | Gained mutation: You are dopey. (Int -2) [potion of
                  | mutation]
 72661 | Pan      | Gained mutation: You have a pair of small antennae on your
                  | head. [potion of mutation]
 72662 | Pan      | Lost mutation: You have a pair of small antennae on your
                  | head. [potion of mutation]
 72662 | Pan      | Lost mutation: You are dopey. (Int -2) [potion of mutation]
 72662 | Pan      | Gained mutation: You have hidden genetic defects. [potion
                  | of mutation]
 72662 | Pan      | Gained mutation: You occasionally lose the ability to drink
                  | potions when taking damage. [potion of mutation]
 72662 | Pan      | Gained mutation: You have a pair of small antennae on your
                  | head. [potion of mutation]
 72663 | Pan      | Lost mutation: You have a pair of small antennae on your
                  | head. [potion of mutation]
 72663 | Pan      | Lost mutation: You have hidden genetic defects. [potion of
                  | mutation]
 72663 | Pan      | Lost mutation: You occasionally lose the ability to drink
                  | potions when taking damage. [potion of mutation]
 72663 | Pan      | Gained mutation: Your flesh is heat resistant. (rF+)
                  | [potion of mutation]
 72663 | Pan      | Gained mutation: You have an increased reservoir of magic.
                  | (+10% MP) [potion of mutation]
 72791 | Pan      | Killed Lom Lobon
 73219 | Pan      | Reached skill level 15 in Spellcasting
 73736 | Pan      | Entered the realm of Mnoleg.
 73736 | Pan      | Noticed Mnoleg
 73886 | Pan      | Killed Mnoleg
 74118 | Pan      | Got a glowing rune of Zot
 74279 | Pan      | Found an exit through the horrors of the Abyss.
 74334 | Pan      | Entered the realm of Gloorx Vloq.
 74563 | Pan      | Found an exit through the horrors of the Abyss.
 74968 | Pan      | Noticed Gloorx Vloq
 75154 | Pan      | Killed Gloorx Vloq
 75167 | Pan      | Got a dark rune of Zot
 75318 | Pan      | Entered the realm of Cerebov.
 75340 | Pan      | Found an exit through the horrors of the Abyss.
 75520 | Pan      | Identified the ring "Fown" {Str+6 Stlth+}
 75541 | Pan      | Identified the +3 morningstar "Sihenoh" {heavy, rC- Dex+8
                  | SInv}
 75541 | Pan      | Identified the amulet "Gaittad" {+Inv Regen+}
 75713 | Pan      | Identified the ring "Zecsys Lumy" {MP+9 Str+4 Slay+3}
 75757 | Pan      | Identified the +1 dagger of Equivalence {freeze, Will+
                  | Int+4 Dex-3}
 75782 | Pan      | Found the +6 sword of Cerebov {flame}
 75782 | Pan      | Noticed Cerebov
 75796 | Pan      | Killed Cerebov
 75803 | Pan      | Identified the +3 scimitar of Dissolution {flame, Int+3}
 75805 | Pan      | Got a fiery rune of Zot
 75868 | Pan      | Got the Encyclopedia of Tectonic Accompaniment
 76063 | Pan      | Identified the +1 robe "Egituv" {rCorr}
 76359 | Pan      | Noticed Itiubbik the pandemonium lord
 76369 | Pan      | Killed Itiubbik the pandemonium lord
 76558 | Pan      | Noticed Mennas
 76572 | Pan      | Killed Mennas
 76844 | Pan      | Noticed Ufiz the pandemonium lord
 76855 | Pan      | Killed Ufiz the pandemonium lord
 76856 | Pan      | Reached skill level 15 in Evocations
 76858 | Pan      | Identified the +6 war axe "Inlixo Fets" {holy, *Slow rPois
                  | rF+ Int+3}
 76894 | Pan      | Noticed Lyher the pandemonium lord
 77266 | Pan      | Noticed Ysix Ire the pandemonium lord
 77283 | Pan      | Killed Ysix Ire the pandemonium lord
 78100 | Pan      | Found an exit through the horrors of the Abyss.
 78431 | Pan      | Found an exit through the horrors of the Abyss.
 78437 | Depths:2 | Escaped Pandemonium
 78509 | Zot:1    | Entered Level 1 of the Realm of Zot
 79333 | Zot:1    | Identified the +1 plate armour of the Thirteen Moons {rPois
                  | Stlth+}
 79842 | Zot:1    | Identified the ring "Rofufo" {+Blink rC+ rN+ Int-4}
 80672 | Zot:2    | Identified the +8 mace "Cauthuqeyl" {drain, rC++}
 82858 | Zot:4    | Identified the +4 double sword "Qozyjood" {freeze, Will+
                  | rCorr Str+2}
 82877 | Zot:4    | Identified the +4 double sword of the Neverending Teeth
                  | {elec, MP+9}
 83612 | Pan      | Entered Pandemonium
 83624 | Pan      | Noticed Durawebb the pandemonium lord
 83670 | Pan      | Noticed Kiun the pandemonium lord
 83718 | Pan      | Found an exit through the horrors of the Abyss.
 83784 | Pan      | Took an exit into the Abyss.
 83784 | Abyss:1  | Escaped into the Abyss
 83952 | Depths:2 | Escaped the Abyss
 83990 | Pan      | Entered Pandemonium
 84102 | Pan      | Noticed Omesiode the pandemonium lord
 84111 | Pan      | Killed Omesiode the pandemonium lord
 84424 | Pan      | Noticed Yrausug the pandemonium lord
 84431 | Pan      | Killed Yrausug the pandemonium lord
 84875 | Pan      | Found an exit through the horrors of the Abyss.
 85150 | Pan      | Reached skill level 5 in Armour
 85328 | Pan      | Noticed Niopih the pandemonium lord
 85341 | Pan      | Killed Niopih the pandemonium lord
 85700 | Pan      | Got a demonic rune of Zot
 85756 | Pan      | Took an exit into the Abyss.
 85756 | Abyss:1  | Escaped into the Abyss
 86133 | Abyss:1  | Found a corrupted altar of Lugonu.
 86608 | Abyss:3  | Found a corrupted altar of Lugonu.
 86612 | Abyss:3  | Found a corrupted altar of Lugonu.
 86699 | Abyss:3  | Got an abyssal rune of Zot
 86719 | Depths:2 | Escaped the Abyss
 86817 | Hell     | Entered the Vestibule of Hell
 86819 | Hell     | Noticed Geryon
 86826 | Hell     | Killed Geryon
 86860 | Hell     | Found a gateway to the decaying netherworld of Tartarus.
 86921 | Hell     | Found a gateway to the ashen valley of Gehenna.
 86974 | Hell     | Found a gateway to the Iron City of Dis.
 87259 | Hell     | Found a gateway to the freezing wastes of Cocytus.
 87307 | Tar:1    | Entered Level 1 of Tartarus
 88549 | Tar:6    | Reached skill level 27 in Necromancy
 88552 | Tar:6    | Noticed an ancient lich
 88557 | Tar:6    | Killed an ancient lich
 88721 | Tar:7    | Entered Level 7 of Tartarus
 89029 | Tar:7    | Learned a level 5 spell: Irradiate
 89341 | Tar:7    | Found the +7 great mace "Firestarter" {flame, inner flame,
                  | rFlCloud rF++}
 89418 | Tar:7    | Got the Guide on Shifting Ice
 89430 | Tar:7    | Got the Secrets of Gelid Attacks
 90046 | Tar:7    | Noticed Ereshkigal
 90127 | Tar:7    | Killed Ereshkigal
 90138 | Tar:7    | Got a bone rune of Zot
 90342 | Dis:1    | Entered Level 1 of the Iron City of Dis
 90369 | Dis:3    | Reached skill level 10 in Stealth
 91349 | Dis:7    | Entered Level 7 of the Iron City of Dis
 92543 | Dis:7    | Identified the +7 plate armour of Space {Str+3 Dex+2
                  | Stlth+}
 92617 | Dis:7    | Found the +4 staff of Dispater
 92617 | Dis:7    | Noticed Dispater
 92635 | Dis:7    | Killed Dispater
 92641 | Dis:7    | Got an iron rune of Zot
 92913 | Coc:1    | Entered Level 1 of Cocytus
 93261 | Coc:2    | Paralysed by a wendigo for 1 turns
 93839 | Coc:7    | Entered Level 7 of Cocytus
 93856 | Coc:7    | Noticed an ancient lich
 93863 | Coc:7    | Killed an ancient lich
 95048 | Coc:7    | Learned a level 8 spell: Disjunction
 95541 | Coc:7    | Noticed Antaeus
 95555 | Coc:7    | Killed Antaeus
 95561 | Coc:7    | Found the +2 Maxwell's thermic engine {flame, freeze}
 95565 | Coc:7    | Got an icy rune of Zot
 95592 | Coc:7    | Identified the +9 trident of Valour {flame, rElec rCorr
                  | Int+3 Dex+3}
 95758 | Geh:1    | Entered Level 1 of Gehenna
 96148 | Geh:2    | Reached skill level 15 in Stealth
 96255 | Geh:3    | Noticed an ancient lich
 96260 | Geh:3    | Killed an ancient lich
 96261 | Geh:3    | Reached skill level 27 in Dodging
 96805 | Geh:7    | Entered Level 7 of Gehenna
 97173 | Geh:7    | Found the +7 sceptre of Asmodeus
 97173 | Geh:7    | Noticed Asmodeus
 97424 | Geh:7    | Got an obsidian rune of Zot
 97883 | Crypt:3  | Acquired the Precepts of Shifting Leadership
 97889 | Tomb:1   | Entered Level 1 of the Tomb of the Ancients
 98131 | Tomb:1   | Learned a level 3 spell: Gell's Gravitas
 98276 | Tomb:1   | Noticed a royal mummy
 98416 | Tomb:1   | Noticed a royal mummy
 98429 | Tomb:1   | Killed a royal mummy
 98429 | Tomb:1   | Killed a royal mummy
 98444 | Tomb:1   | Noticed a royal mummy
 98450 | Tomb:1   | Killed a royal mummy
 98649 | Tomb:2   | Noticed a royal mummy
 98675 | Tomb:2   | Killed a royal mummy
 98682 | Tomb:2   | Noticed a royal mummy
 98687 | Tomb:2   | Killed a royal mummy
 98707 | Tomb:2   | Noticed a royal mummy
 98718 | Tomb:2   | Noticed a royal mummy
 98725 | Tomb:2   | Killed a royal mummy
 99141 | Tomb:2   | Killed a royal mummy
 99356 | Tomb:3   | Entered Level 3 of the Tomb of the Ancients
 99378 | Tomb:3   | Noticed a royal mummy
 99383 | Tomb:3   | Killed a royal mummy
 99383 | Tomb:3   | Noticed a royal mummy
 99390 | Tomb:3   | Killed a royal mummy
 99390 | Tomb:3   | Noticed a royal mummy
 99393 | Tomb:3   | Noticed a royal mummy
 99399 | Tomb:2   | Killed a royal mummy
 99584 | Tomb:3   | Noticed a royal mummy
 99592 | Tomb:3   | Killed a royal mummy
 99594 | Tomb:3   | Killed a royal mummy
 99663 | Tomb:3   | Noticed a royal mummy
 99669 | Tomb:3   | Identified the +6 great sword "Huklemaaf" {flame, Will+
                  | rCorr}
 99669 | Tomb:3   | Noticed a royal mummy
 99679 | Tomb:3   | Killed a royal mummy
 99765 | Tomb:3   | Noticed a royal mummy
 99765 | Tomb:3   | Noticed a royal mummy
 99774 | Tomb:3   | Killed a royal mummy
 99957 | Tomb:3   | Identified the +1 robe of Gravitas {+Blink rPois Str+2
                  | SInv}
 99963 | Tomb:3   | Identified the +3 shortbow of Innocence {heavy, Dex+3}
 99967 | Tomb:3   | Identified the +6 shortbow "Orb Guardian's Regret" {speed,
                  | rElec}
 99968 | Tomb:3   | Identified the +2 pair of boots of Immorality {rPois rC+
                  | rCorr Int-2}
100017 | Tomb:3   | Killed a royal mummy
100021 | Tomb:3   | Killed a royal mummy
100207 | Tomb:3   | Got a golden rune of Zot
100844 | Zot:5    | Entered Level 5 of the Realm of Zot
101055 | Zot:5    | Found a runed translucent door.
101060 | Zot:5    | Noticed iskra's ghost (master MiBe)
101069 | Zot:5    | Killed iskra's ghost
101070 | Zot:5    | Reached skill level 27 in Fighting
101077 | Zot:5    | Acquired a book of Dreams
101394 | Zot:5    | Noticed a dread lich
101400 | Zot:5    | Noticed an orb of fire
101403 | Zot:5    | Killed a dread lich
101412 | Zot:5    | Noticed a dread lich
101413 | Zot:5    | Noticed an orb of fire
101415 | Zot:5    | Noticed an orb of fire
101428 | Zot:5    | Killed a dread lich
101433 | Zot:5    | Killed an orb of fire
101433 | Zot:5    | Killed an orb of fire
101461 | Zot:5    | Killed an orb of fire
101473 | Zot:5    | Noticed an orb of fire
101482 | Zot:5    | Killed an orb of fire
101677 | Zot:5    | Noticed an orb of fire
101678 | Zot:5    | Noticed an orb of fire
101682 | Zot:5    | Killed an orb of fire
101687 | Zot:5    | Killed an orb of fire
101688 | Zot:5    | Noticed an orb of fire
101688 | Zot:5    | Noticed an orb of fire
101696 | Zot:5    | Noticed a dread lich
101700 | Zot:5    | Killed an orb of fire
101702 | Zot:5    | Killed an orb of fire
101706 | Zot:5    | Killed a dread lich
101713 | Zot:5    | Noticed an ancient lich
101724 | Zot:5    | Killed an ancient lich
101977 | Zot:5    | Got the Orb of Zot
102034 | Zot:3    | Noticed Itoin the pandemonium lord
102538 | D:$      | Escaped with the Orb!

Illustrated notes

Levels and vault maps discovered:
D:1:      sevenhm_arrival_forest_fort_small_3, layout_loops_ring
D:2:      layout_basic, hellmonk_ecumenical_altar_arch_garden
D:3:      kennysheep_big_flooded_room, layout_basic, kiku_gazebo_garden_becter,
          yredelemnul_altar_generic, mainiacjoe_overflow_small_starburst
D:4:      layout_gridville, enter_ossuary_1, serial_bayou_ford_a
D:5:      minmay_inner_zag, layout_basic, kennysheep_mini_moat,
          mainiacjoe_overflow_six_doors_small, minmay_temple_entry_glassed_door,
          ebering_ghost_sewer_f, uniq_edmund
D:6:      layout_basic, nicolae_wu_jian_wuxing_cycle, slow_altar_1,
          mainiacjoe_overflow_surrounded_room
D:7:      layout_cave_pools, nemelex_spade_bored_becter, lemuel_blue_sif_altar,
          nicolae_ru_awakened_eye, nicolae_elevator_lobby_plus
D:8:      layout_rooms, nzn_makhleb_speed_demon, marbit_many_paths
D:9:      layout_basic, mainiacjoe_overflow_brackets, serial_shops, shop,
          minmay_ruffians, uniq_prince_ribbit1
D:10:     layout_irregular_city, nicolae_hepliaklqana_hippocampus,
          lair_entry_dummy, hangedman_decor_opposing
D:11:     layout_cave_pools, ploomutoo_gammafunk_ghost_potion_laboratory,
          hangedman_decor_lopped, hangedman_decor_clover_reticule
D:12:     layout_rooms, zombieorc2_lemuel
D:13:     argonaut_augean_stables, layout_cross, grunt_vaults_entry_tiered,
          cheibrodos_ashenzari_chains, uniq_sonja
D:14:     layout_layer_cave, nicolae_kite_square_tiling_tiny
D:15:     grunt_enter_depths_snipers, layout_basic,
          chequers_serial_rivers_small_a, uniq_agnes
Temple:   hellmonk_temple_two_chambers
Lair:1:   layout_cave_pods, basic_altar, infiniplex_staircase_pool_2
Lair:2:   layout_roguey, spider_nest_entry_webs
Lair:3:   layout_chaotic_city, swamp_mist,
          portal_ice_cave_entry_animals_and_master, grunt_megastairs_2,
          lemuel_fruit_tree
Lair:4:   layout_small_grid, minmay_slime_entry_pillars
Lair:5:   evilmike_catoblepas_cave, layout_gridlike, nzn_sisyphean_effort,
          serial_bayou_shore_a, serial_bayou_shore_b
Swamp:1:  layout_basic_swamp, hangedman_swamp_ruin_wall
Swamp:2:  layout_falls_marsh, hangedman_swamp_cone
Swamp:3:  layout_falls_marsh, hangedman_swamp_diagram, uniq_donald
Swamp:4:  swamp_pestilence, layout_basic_swamp, swamp_pool1, kb_tengu_band,
          infiniplex_staircase_pool
Spider:1: layout_spider_delve, nicolae_spider_twisty_arc_passages
Spider:2: layout_chambers
Spider:3: layout_spider_delve, guppyfry_hornet_nest, uniq_arachne
Spider:4: grunt_spider_rune_circles
Slime:1:  layout_caves, cheibrodos_slime_lost_civilization_4
Slime:2:  layout_caves, uniq_dissolution
Slime:3:  layout_caves
Slime:4:  layout_caves
Slime:5
Orc:1:    layout_diamond_mine, elves_outpost_lemuel
Orc:2:    st_orc_open, layout_caves, serial_shops, nicolae_shop_hallway_plus,
          statue_in_the_mist_lemuel
Elf:1:    gammafunk_sealed_arena, layout_gridlike, minmay_elf_annihilation,
          minivault_11, nicolae_shop_clearance
Elf:2:    elven_hall_of_blades_hangedman_alternative
          [nicolae_blade_entry_antechamber], layout_gridlike,
          minmay_shop_grid_forest, dreamdust_princess_bridge
Elf:3:    minmay_elf_hall_furrowed, layout_onion_city, serial_shops,
          nicolae_shop_competitors_out_of_business, uniq_bai_suzhen
Vaults:1: vaults_room_grid, v_misc_1, v_pattern_1, nicolae_vaults_puzzle_piece,
          ontoclasm_vaults_claustrophobia, v_misc_29, v_misc_8,
          hangedman_vaults_pinch, vaults_room_door_ring,
          dpeg_vaults_monster_row, vaults_dpeg_cross, vaults_dpeg_ring,
          layout_vaults_ring
Vaults:2: mu_enter_wizlab_1, hangedman_vaults_restitches,
          nicolae_vaults_network_periphery, nicolae_vaults_ninety_degrees,
          vaults_mumra_minichess, v_misc_23, ontoclasm_vaults_chip,
          hangedman_vaults_stretched_pinwheel, st_octagons_1,
          ontoclasm_vaults_twist, nicolae_vaults_circle_grid_a,
          ontoclasm_vaults_pinch, nicolae_vaults_little_squares_4,
          hangedman_vaults_locks, ontoclasm_vaults_decontamination,
          layout_vaults_omnibox
Vaults:3: gammafunk_ghost_arena, hangedman_vaults_restitches, v_misc_19,
          vaults_mumra_bighexcomb, v_misc_3, nicolae_vaults_theta,
          vaults_room_corners, minmay_crypt_entry_nasty_monster,
          vaults_standard_mumra_enter_the_diamond, ontoclasm_vaults_idyll,
          layout_vaults_omnigrid
Vaults:4: hangedman_vaults_corner_blocks, nicolae_vaults_little_squares_3,
          st_greater_box_5, vaults_mumra_lcd, v_misc_25, vaults_dpeg_diagonal,
          nicolae_vaults_ring_of_whatevers, v_misc_29, vaults_mumra_hex,
          layout_vaults_chaotic_city, serial_shops, shop, uniq_boris,
          uniq_saint_roka
Vaults:5: uniq_sojobo
Crypt:1:  layout_misc_corridors
Crypt:2:  layout_chaotic_city
Crypt:3:  church_of_pain_bobbens, layout_chaotic_city
Tomb:1
Tomb:2
Tomb:3
Depths:1: layout_gridlike, enter_ziggurat_e, elyvilon_altar_5, lightli_too_deep,
          library_closet, minmay_strange_pillars, minislime_mu,
          grunt_megastairs_3, serial_bayou_shore_b
Depths:2: minmay_the_grid_octo_2x2 [minmay_the_grid_octo_shrine,
          minmay_the_grid_octo_checkered, minmay_the_grid_octo_odd_swirl,
          minmay_the_grid_octo_prize_single_spiral], layout_gridville,
          pf_dread_powers_of_hell, hangedman_decor_riveting, pan_entry,
          minmay_staircase_bubble, uniq_grunn
Depths:3: grunt_deathspiral_large, layout_gridlike, minmay_room_of_horrors,
          pf_hell_entry_tar_river, amcnicky_mini_rare_corridor_liquid, uniq_mara
Depths:4: evilmike_zot_entry_round, layout_basic, abyss_entry, hell_entry,
          chequers_serial_rivers_micro_c, st_stairs_12, uniq_margery
Hell
Dis:1:    layout_subdivisions
Dis:2:    layout_gridville
Dis:3:    hangedman_dis_monolith, layout_regular_city,
          nicolae_dis_emergency_hatch
Dis:4:    layout_gridville
Dis:5:    layout_gridville, nicolae_dis_strange_trophy_room
Dis:6:    layout_gridville
Dis:7:    iron_city_of_dis [dis_grunt, dis_wall_7], layout_gridville
Geh:1:    layout_gehenna_pools_triple
Geh:2:    layout_gehenna_pools_basic
Geh:3:    layout_gehenna_pools_box, nicolae_geh_lava_lounge
Geh:4:    layout_gehenna_lava_caves
Geh:5:    layout_gehenna_lava_caves
Geh:6:    layout_gehenna_pools_triple
Geh:7:    evilmike_geh
Coc:1:    layout_cocytus_water_paths
Coc:2:    layout_ice_bergs, nicolae_hells_seeping_fissure
Coc:3:    layout_cocytus_water_paths
Coc:4:    layout_ice_bergs
Coc:5:    layout_cocytus_water_paths
Coc:6:    layout_ice_bergs
Coc:7:    coc_grunt_cove [coc_grunt_cove_antaeus, coc_grunt_cove_fiend,
          coc_grunt_cove_fiend, coc_grunt_cove_fiend, coc_grunt_cove_fiend]
Tar:1:    layout_honeycomb, nicolae_tar_just_some_guys
Tar:2:    layout_grid_maze, grunt_tartarus_stairs_gauntlet_trap
Tar:3:    layout_grid_maze
Tar:4:    layout_grid_maze
Tar:5:    layout_catacombs, nicolae_tar_spectre_spectrum
Tar:6:    layout_honeycomb
Tar:7:    tar_mu [tar_mu_maze]
Zot:1:    layout_cathedral_of_symmetry, st_large_dragon_hoard_3
Zot:2:    layout_gridlike
Zot:3:    evilmike_crystal_ball_defense, layout_gridlike
Zot:4:    hangedman_snap_crack_crunch, layout_concentric_octagons,
          nicolae_rock_paper_scissors
Zot:5:    layout_twisted_circle, ebering_ghost_reflecting_pool

Skill      XL: |  1  2  3  4  5  6  7  8  9 10 11 12 13 14 15 16 17 18 19 20 21 22 23 24 25 26 27 |
---------------+----------------------------------------------------------------------------------+-----
Stealth        | 1 2 3 6 7 21 | 21.1
Short Blades   | 3 4 5 8 9 |  9.9
Fighting       | 2 3 4 6 8 10 11 12 13 14 15 16 17 19 20 21 27 | 27.0
Dodging        | 4 5 6 7 8 9 11 12 13 15 16 17 19 20 21 22 23 27 | 27.0
Spellcasting   | 3 5 6 8 9 11 13 23 | 23.0
Translocations | 6 9 11 13 14 16 17 19 21 | 21.1
Long Blades    | 1 3 4 5 7 8 9 10 11 12 14 15 25 | 25.9
Evocations     | 3 6 8 10 11 12 13 16 | 16.6
Hexes          | 3 5 6 |  6.6
Invocations    | 3 4 7 9 11 12 13 14 15 16 | 16.6
Shields        | 3 5 6 9 |  9.9
Transmutations | 1 7 16 | 16.6
Necromancy     | 1 5 6 8 12 15 18 19 27 | 27.0
Armour         | 1 3 9 |  9.9
Earth Magic    | 1 3 |  3.3
Throwing       | |  1.1

Action                     |  1- 3 |  4- 6 |  7- 9 | 10-12 | 13-15 | 16-18 | 19-21 | 22-24 | 25-27 || total
---------------------------+-------+-------+-------+-------+-------+-------+-------+-------+-------++-------
  Melee: Dagger            |   127 |    83 |   256 |   173 |    96 |   128 |     7 |       |       ||   870
         Short sword       |    33 |     7 |       |       |       |       |       |       |       ||    40
         Punch             |     5 |     2 |     5 |    16 |    13 |       |       |       |       ||    41
         Quick blade       |       |       |       |   568 |  1620 |  1025 |   511 |    49 |       ||  3773
         Falchion          |       |       |       |    16 |       |       |       |       |       ||    16
         Scimitar          |       |       |       |       |    24 |   445 |       |       |       ||   469
         Long sword        |       |       |       |       |       |   246 |  1221 |   665 |       ||  2132
         Knife             |       |       |       |       |       |       |       |    41 |   113 ||   154
         Demon blade       |       |       |       |       |       |       |       |   802 |  5232 ||  6034
         Double sword      |       |       |       |       |       |       |       |       |   283 ||   283
   Fire: Arbalest          |       |    49 |   193 |     4 |       |       |       |       |       ||   246
         Shortbow          |       |       |       |    17 |       |       |       |       |       ||    17
         Sling             |       |       |       |     1 |       |       |       |       |       ||     1
         Hand crossbow     |       |       |       |       |       |     1 |       |       |       ||     1
  Throw: Dart              |       |     5 |     1 |       |    10 |     2 |       |     2 |     1 ||    21
         Throwing net      |       |       |     4 |       |     3 |     3 |       |       |       ||    10
         Boomerang         |       |       |       |       |     1 |     3 |       |       |       ||     4
   Cast: Blink             |     1 |       |     6 |       |     4 |     8 |     1 |     2 |     8 ||    30
         Lesser Beckoning  |       |       |     2 |     9 |    98 |    63 |    73 |    45 |   341 ||   631
         Manifold Assault  |       |       |    14 |   116 |   216 |   408 |   347 |   323 |  1064 ||  2488
         Confusing Touch   |       |       |       |    51 |   150 |   105 |    64 |     4 |       ||   374
         Apportation       |       |       |       |       |    21 |    24 |    44 |     9 |    84 ||   182
         Passage of Golubr |       |       |       |       |       |     3 |     4 |       |     6 ||    13
         Passwall          |       |       |       |       |       |     2 |     1 |     1 |    58 ||    62
         Dispel Undead     |       |       |       |       |       |       |     7 |    35 |    18 ||    60
         Iskenderun's Myst |       |       |       |       |       |       |       |    38 |    14 ||    52
         Borgnjor's Vile C |       |       |       |       |       |       |       |    15 |   134 ||   149
         Necromutation     |       |       |       |       |       |       |       |       |   344 ||   344
         Infestation       |       |       |       |       |       |       |       |       |    98 ||    98
         Vhi's Electric Ch |       |       |       |       |       |       |       |       |    48 ||    48
         Yara's Violent Un |       |       |       |       |       |       |       |       |    14 ||    14
         Irradiate         |       |       |       |       |       |       |       |       |     8 ||     8
         Disjunction       |       |       |       |       |       |       |       |       |     4 ||     4
 Invoke: Slouch            |       |       |       |       |     5 |     5 |     7 |     2 |     1 ||    20
         Step From Time    |       |       |       |       |       |       |       |       |     3 ||     3
Ability: Evoke Invisibilit |       |       |       |       |       |     1 |       |       |     2 ||     3
         End Transformatio |       |       |       |       |       |       |       |       |    15 ||    15
  Evoke: Wand              |       |     4 |    21 |     2 |    17 |    80 |     9 |     6 |    45 ||   184
         Phantom mirror    |       |       |       |       |       |     2 |     2 |       |    12 ||    16
         Phial of floods   |       |       |       |       |       |     1 |     4 |       |     3 ||     8
         Condenser vane    |       |       |       |       |       |       |     2 |     2 |       ||     4
         Tin of tremorston |       |       |       |       |       |       |       |     2 |     6 ||     8
         Lightning rod     |       |       |       |       |       |       |       |       |    10 ||    10
         Box of beasts     |       |       |       |       |       |       |       |       |     3 ||     3
    Use: Scroll            |     2 |     6 |     7 |    11 |     8 |    21 |    15 |     8 |    90 ||   168
         Potion            |       |     2 |     7 |     4 |     6 |    19 |     7 |     4 |    55 ||   104
   Stab: Sleeping          |    12 |     9 |     1 |     8 |    14 |    25 |    19 |    32 |    56 ||   176
         Confused          |       |       |       |    49 |   170 |   143 |    90 |     8 |       ||   460
         Invisible         |       |       |       |     6 |     4 |     2 |     7 |     3 |    43 ||    65
         Distracted        |       |       |       |     1 |     2 |     3 |     3 |     4 |    49 ||    62
         Betrayed ally     |       |       |       |       |       |     2 |       |       |       ||     2
         Held in net/web   |       |       |       |       |       |     1 |       |       |       ||     1
 Armour: Robe              |    16 |     4 |    11 |     5 |     5 |     3 |       |       |       ||    44
         Troll leather arm |       |       |       |       |    13 |    16 |    13 |    21 |   204 ||   267
         Skin              |       |       |       |       |       |       |       |       |    47 ||    47
         Ice dragon scales |       |       |       |       |       |       |       |       |    16 ||    16
  Dodge: Dodged            |    96 |    53 |   147 |   225 |   640 |  1041 |   810 |   865 |  4294 ||  8171
  Block: Buckler           |       |       |       |       |       |   380 |   691 |   693 |  2460 ||  4224
         Reflection        |       |       |       |       |       |       |    53 |     7 |    45 ||   105

Table legend: (Time is in decaauts)
 A = Elapsed time spent in this place.
 B = Non-inter-level travel time spent in this place.
 C = Inter-level travel time spent in this place.
 D = Time resting spent in this place.
 E = Time spent auto-exploring this place.
 F = Levels seen in this place.
 G = Mean time per level.
                   A        B        C        D        E       F      G
               +--------+--------+--------+--------+--------+-----+--------+
         Total | 123695 | 112929 |  10766 |  23894 |  33829 | 133 |  930.0 |
       Dungeon |  18986 |  15962 |   3024 |   2394 |   7134 |  15 | 1265.7 |
        Temple |     12 |     12 |      0 |      0 |      0 |   1 |   12.0 |
          Lair |   6749 |   5726 |   1023 |    667 |   3541 |   5 | 1349.8 |
         Swamp |   4722 |   4494 |    228 |    884 |   1165 |   4 | 1180.5 |
   Spider Nest |   6920 |   6657 |    263 |   1077 |   3114 |   4 | 1730.0 |
    Slime Pits |   1593 |   1593 |      0 |    905 |     32 |   5 |  318.6 |
  Orcish Mines |   3330 |   2678 |    652 |    715 |    661 |   2 | 1665.0 |
   Elven Halls |   8623 |   7668 |    955 |   2036 |   1813 |   3 | 2874.3 |
        Vaults |  16320 |  14218 |   2102 |   3205 |   5103 |   5 | 3264.0 |
         Crypt |   5089 |   4693 |    396 |   1171 |   1567 |   3 | 1696.3 |
          Tomb |   3299 |   3015 |    284 |    724 |    202 |   3 | 1099.7 |
        Depths |   9053 |   8069 |    984 |   1708 |   3320 |   4 | 2263.2 |
          Hell |   1008 |    903 |    105 |    191 |      0 |   1 | 1008.0 |
           Dis |   2898 |   2898 |      0 |   1173 |     20 |   7 |  414.0 |
       Gehenna |   2300 |   2211 |     89 |    583 |      0 |   7 |  328.6 |
       Cocytus |   3176 |   3176 |      0 |   1575 |      0 |   7 |  453.7 |
      Tartarus |   3860 |   3598 |    262 |    669 |    765 |   7 |  551.4 |
           Zot |   8555 |   8161 |    394 |    605 |   4764 |   5 | 1711.0 |
         Abyss |   1659 |   1659 |      0 |      0 |      0 |   4 |  414.8 |
   Pandemonium |  13112 |  13112 |      0 |   2737 |    621 |  30 |  437.1 |
      Ziggurat |    762 |    762 |      0 |    334 |      0 |   9 |   84.7 |
       Ossuary |    236 |    236 |      0 |      8 |      0 |   1 |  236.0 |
        Wizlab |   1420 |   1420 |      0 |    526 |      0 |   1 | 1420.0 |
               +--------+--------+--------+--------+--------+-----+--------+

Top non-repeatable levels by time:
Vaults:3: 3892 daAuts
Vaults:1: 3526 daAuts
Vaults:2: 3216 daAuts
   Elf:2: 3194 daAuts
Vaults:4: 3190 daAuts
   Elf:3: 3037 daAuts
Depths:1: 2909 daAuts
Vaults:5: 2494 daAuts
   Elf:1: 2391 daAuts
 Crypt:3: 2355 daAuts
   Zot:1: 2270 daAuts
Spider:4: 2268 daAuts
Depths:3: 2223 daAuts
Depths:2: 2213 daAuts
   Coc:7: 2193 daAuts
